 Dungeon Crawl Stone Soup version 0.28.0-53-g5a82cb258f (webtiles) character file.

Game seed: 806083995250818349

375 Doot the Digger (level 6, -7/38 HPs)
             Began as an Octopode Earth Elementalist on June 4, 2022.
             Mangled by a wyvern zombie (8 damage)
             ... on level 5 of the Dungeon.
             The game lasted 00:05:40 (3264 turns).

Doot the Digger (Octopode Earth Elementalist)       Turns: 3264, Time: 00:05:41

Health: -7/38      AC:  1    Str:  7    XL:     6   Next: 72%
Magic:  0/11       EV: 13    Int: 19    God:
Gold:   140        SH:  0    Dex: 13    Spells: 2/12 levels left

rFire   . . .      SeeInvis .   h - +0 rapier
rCold   . . .      Faith    .   (no shield)
rNeg    . . .      Spirit   .   (helmet restricted)
rPois   .          Reflect  .   (no amulet)
rElec   .          Harm     .   (no ring)
rCorr   .          Rampage  .   (no ring)
Will    .....                   (no ring)
Stlth   +++.......              (no ring)
HPRegen 0.12/turn               (no ring)
MPRegen 0.12/turn               (no ring)
                                (no ring)
                                (no ring)

@: mighty
A: almost no armour, amphibious, 8 rings, camouflage 1, gelatinous body 1,
(nimble swimmer 1), tentacles
a: no special abilities


You were on level 5 of the Dungeon.
You visited 1 branch of the dungeon, and saw 6 of its levels.

You collected 140 gold pieces.

Inventory:

Hand Weapons
 g - a +0 dagger
 h - a +0 rapier (weapon)
Missiles
 b - 42 stones
Armour
 j - a +0 buckler
Jewellery
 l - an amulet of reflection
Scrolls
 a - a scroll of vulnerability {unknown}
 d - a scroll of identify {unknown}
 e - a scroll of brand weapon {unknown}
 f - a scroll of teleportation {unknown}
 k - a scroll of noise {unknown}


   Skills:
 + Level 1.0 Fighting
 + Level 1.1 Short Blades
 + Level 2.3 Dodging
 + Level 3.8 Stealth
 + Level 3.8 Spellcasting
 * Level 1.5 Conjurations
 + Level 1.0 Transmutations
 * Level 5.1 Earth Magic


You had 2 spell levels left.
You knew the following spells:

 Your Spells              Type           Power      Damage    Failure   Level
a - Sandblast             Erth           46%        2d11      1%          1
b - Passwall              Tmut/Erth      12%        N/A       6%          2
c - Stone Arrow           Conj/Erth      32%        3d9       11%         3
d - Petrify               Tmut/Erth      15%        N/A       36%         4

Your spell library contained the following spells:

 Spells                   Type           Power      Damage    Failure   Level
 Magic Dart               Conj           36%        1d4       8%          1
 Beastly Appendage        Tmut           14%        N/A       10%         1
 Animate Skeleton         Necr           6%         N/A       14%         1
 Apportation              Tloc           6%         N/A       14%         1
 Summon Small Mammal      Summ           12%        N/A       14%         1
 Wereblood                Tmut           7%         N/A       14%         2
 Call Imp                 Summ           3%         N/A       22%         2
 Mephitic Cloud           Conj/Pois/Air  5%         N/A       34%         3
 Spider Form              Tmut/Pois      5%         N/A       34%         3


Dungeon Overview and Level Annotations

Branches:
Dungeon (6/15)
 Temple: D:4-7

Altars:

Shops:
D:1 =:*

Annotations:
D:4 Pikel


Innate Abilities, Weirdness & Mutations

You cannot wear most types of armour.
You are amphibious.
You can wear up to eight rings at the same time.
Your skin changes colour to match your surroundings (Stealth+).
Your rubbery body absorbs attacks. (AC +1, EV +1)
((You are camouflaged when in or above water. (Stealth+)))
You have tentacles for arms and can constrict up to eight enemies at once.


Message History

Confirm with . or Enter, or press ? or * to list all spells.
Aiming: Sandblast (safe; 1% risk of failure)
Press: ? - help, Shift-Dir - straight line, f/p - wyvern zombie
Aim: a wyvern zombie (heavily damaged, 93% to hit)
The blast of sand hits the wyvern zombie.
The wyvern zombie is heavily damaged.
b - 44 stones The wyvern zombie bites you!
Casting: Sandblast (safe; 1% risk of failure)
Confirm with . or Enter, or press ? or * to list all spells.
Aiming: Sandblast (safe; 1% risk of failure)
Press: ? - help, Shift-Dir - straight line, f/p - wyvern zombie
Aim: a wyvern zombie (heavily damaged, 93% to hit)
The blast of sand misses the wyvern zombie.
b - 43 stones The wyvern zombie closely misses you.
The wyvern zombie misses you.
Unknown command.
It was a potion of curing.
You feel better. The wyvern zombie barely misses you.
You barely miss the wyvern zombie.
The wyvern zombie is heavily damaged.
The wyvern zombie barely misses you.
Your magical contamination has completely faded away.
Casting: Sandblast (safe; 1% risk of failure)
Confirm with . or Enter, or press ? or * to list all spells.
Aiming: Sandblast (safe; 1% risk of failure)
Press: ? - help, Shift-Dir - straight line, f/p - wyvern zombie
Aim: a wyvern zombie (heavily damaged, 93% to hit)
The blast of sand hits the wyvern zombie.
The wyvern zombie is severely damaged.
b - 42 stones The wyvern zombie bites you.
The wyvern zombie bites you but does no damage.
It was a potion of might.
You feel very mighty all of a sudden. The wyvern zombie bites you!
* * * LOW HITPOINT WARNING * * *
Unknown command.
The wyvern zombie bites you!
You die...

#### #..##
###.## ##.#
#.## #..## #..
##..####....
#####..........
#...@Z........#
###.....#######
##...## ######
##..# #.....
#..# #.....
#.## ##..###
#.# #..## #.#
#..# #.## #..#


You could see a wyvern zombie.

Vanquished Creatures
  A water moccasin (D:5)
  A necrophage (D:4)
  A killer bee zombie (D:5)
  7 gnolls (D:5)
  4 adders
  A shadow imp (D:5)
  An adder skeleton (D:4)
  A worm (D:4)
  2 dart slugs
  8 endoplasms
  3 giant cockroaches (D:3)
  3 hobgoblins
  A kobold (D:4)
  2 quokkas
  4 ball pythons
  2 bats
  2 goblins
  A rat (D:1)
45 creatures vanquished.

Notes
Turn   | Place    | Note
-------+----------+-------------------------------------------
     0 | D:1      | Doot the Octopode Earth Elementalist began the quest for
                  | the Orb.
     0 | D:1      | Reached XP level 1. HP: 11/11 MP: 3/3
    40 | D:1      | Found Kymyr's Jewellery Boutique.
   172 | D:1      | Found Natzum's Book Boutique.
   225 | D:1      | Found Ydialiom's General Store.
   386 | D:1      | Reached XP level 2. HP: 17/17 MP: 1/5
   668 | D:2      | Learned a level 2 spell: Passwall
   934 | D:3      | Reached XP level 3. HP: 21/21 MP: 4/6
   999 | D:3      | Learned a level 3 spell: Stone Arrow
  1662 | D:4      | Reached skill level 4 in Earth Magic
  1722 | D:4      | Reached XP level 4. HP: 22/27 MP: 2/8
  1868 | D:4      | Noticed a necrophage
  1890 | D:4      | Killed a necrophage
  1891 | D:4      | Reached skill level 1 in Conjurations
  1891 | D:4      | Reached XP level 5. HP: 26/31 MP: 0/10
  1902 | D:4      | Learned a level 4 spell: Petrify
  2025 | D:5      | Entered Level 5 of the Dungeon
  2094 | D:4      | Noticed a lemure
  2095 | D:4      | Noticed Pikel
  2095 | D:4      | Noticed a lemure
  2095 | D:4      | Noticed a lemure
  2095 | D:4      | Noticed a lemure
  2103 | D:4      | Paralysed by Pikel for 5 turns
  2355 | D:5      | Noticed a water moccasin
  2384 | D:5      | HP: 1/31 [water moccasin (4)]
  2386 | D:5      | Killed a water moccasin
  2387 | D:5      | Reached skill level 1 in Fighting
  2387 | D:5      | Reached XP level 6. HP: 35/38 MP: 5/11
  2880 | D:5      | Reached skill level 5 in Earth Magic
  3095 | D:5      | Reached skill level 1 in Short Blades
  3262 | D:5      | HP: 1/38 [wyvern zombie (15)]
  3264 | D:5      | Mangled by a wyvern zombie

Illustrated notes

Levels and vault maps discovered:
D:1:      lightli_arrival_boilingwater, layout_basic, serial_shops,
          nicolae_shop_stone, shop, nicolae_shop_stone,
          nicolae_shop_hallway_plus, shop, ebering_ecumenical_altar_webs
D:2:      layout_basic
D:3:      layout_loops_ring
D:4:      layout_basic, uniq_pikel
D:5:      layout_layer_cave, minmay_temple_entry_enclosed_plants,
          bh_walls_and_bars
D:6:      minmay_clustersquares, layout_basic, nicolae_vehumet_altar_sigil,
          kennysheep_generic_room_6

Skill      XL: |  1  2  3  4  5  6 |
---------------+-------------------+-----
Stealth        | 3 |  3.8
Earth Magic    | 4 5 |  5.1
Spellcasting   | 3 |  3.8
Conjurations   | 1 |  1.5
Fighting       | 1 |  1.0
Short Blades   | 1 |  1.1
Dodging        | |  2.3
Transmutations | |  1.0

Action                   |  1- 3 |  4- 6 || total
-------------------------+-------+-------++-------
Melee: Constrict         |    12 |     4 ||    16
       Unarmed           |     4 |       ||     4
       Tentacles         |     8 |     6 ||    14
       Dagger            |    24 |    13 ||    37
       Rapier            |       |     8 ||     8
 Cast: Sandblast         |    19 |    30 ||    49
       Stone Arrow       |     4 |     3 ||     7
  Use: Potion            |       |     3 ||     3
 Stab: Sleeping          |     7 |     1 ||     8
Armor: Skin              |     2 |     1 ||     3
Dodge: Dodged            |    18 |    29 ||    47
